 Dungeon Crawl Stone Soup version 0.22-a0-833-g8522bf8 (webtiles) character file.

2689 Amnesiac the Geomancer (level 9, -2/57 HPs)
             Began as a Mummy Earth Elementalist on July 25, 2018.
             Was a Believer of Vehumet.
             Killed by divine providence
             ... invoked by an orc priest
              (13 damage)
             ... on level 8 of the Dungeon.
             The game lasted 00:13:22 (8327 turns).

Amnesiac the Geomancer (Mummy Earth Elementalist)   Turns: 8327, Time: 00:13:23

Health: -2/57      AC:  5    Str: 12    XL:     9   Next: 38%
Magic:  12/22      EV: 11    Int: 17    God:    Vehumet [**....]
Gold:   462        SH:  0    Dex: 12    Spells: 8/26 levels left

rFire    x . .     SeeInvis .   t - +0 whip (curse)
rCold    + . .     Gourm    .   (no shield)
rNeg     + + +     Faith    .   q - +0 leather armour (curse)
rPois    ∞         Spirit   .   l - +1 helmet
rElec    .         Reflect  .   o - scarf {repulsion}
rCorr    .         Harm     .   (no gloves)
MR       +....                  (no boots)
Stlth    +.........             (no amulet)
HPRegen  0.19/turn              (no ring)
MPRegen  0.18/turn              (no ring)

@: repel missiles
A: no food or potions, fire vulnerability, cold resistance 1, negative energy
resistance 3, torment resistance, unbreathing
a: Renounce Religion


You were on level 8 of the Dungeon.
You worshipped Vehumet.
Vehumet was pleased with you.
You were not hungry.

You visited 2 branches of the dungeon, and saw 9 of its levels.

You collected 462 gold pieces.

Inventory:

Hand Weapons
 a - a +2 dagger of venom
 b - a +3 hand crossbow
 n - a +2 trident of protection
 t - a cursed +0 whip (weapon)
 w - a +2 trident of venom
Missiles
 g - 106 stones (quivered)
 h - 117 bolts
Armour
 l - a +1 helmet (worn)
 o - a scarf of repulsion (worn)
 q - a cursed +0 leather armour (worn)
 r - a +1 ring mail of fire resistance
 u - a +0 cloak of magic resistance
 x - a cursed +0 buckler
Magical Staves
 y - an uncursed staff of wizardry {unknown}
Wands
 c - a wand of disintegration (15)
 p - a wand of polymorph (8)
 v - a wand of random effects (43)
Scrolls
 d - 2 scrolls of magic mapping {!r}
 e - 2 scrolls of fear {!r}
 f - a scroll of enchant weapon {!r}
 i - 4 scrolls of teleportation {!r}
 j - 2 scrolls of blinking {!r}
 k - a scroll of enchant armour {!r}
 m - a scroll of amnesia {!r}
 s - 5 scrolls of identify {!r}
 z - a scroll of noise {!r, unknown}


   Skills:
 - Level 1.5 Dodging
 - Level 1.5 Stealth
 + Level 1.7 Shields
 + Level 9.1 Spellcasting
 - Level 0.7 Transmutations
 * Level 9.1 Earth Magic


You had 8 spell levels left.
You knew the following spells:

 Your Spells              Type           Power        Failure   Level  Hunger
a - Sandblast             Erth           #####.       1%          1    N/A
b - Passwall              Tmut/Erth      ###.....     2%          2    N/A
c - Stone Arrow           Conj/Erth      ###...       5%          3    N/A
d - Lee's Rapid Deconstr  Erth           #####.....   8%          5    N/A
e - Petrify               Tmut/Erth      ###.....     16%         4    N/A
f - Apportation           Tloc           #.....       12%         1    N/A
g - Summon Small Mammal   Summ           #...         12%         1    N/A
z - Confusing Touch       Hex            #.....       12%         1    N/A

Your spell library contained the following spells:

 Spells                   Type           Power        Failure   Level  Hunger
 Animate Skeleton         Necr           N/A          12%         1    N/A

Dungeon Overview and Level Annotations

Branches:
Dungeon (8/15)             Temple (1/1) D:4
   Lair: D:8-11

Altars:
Ashenzari
Cheibriados
Dithmenos
Elyvilon
Fedhas
Gozag
Hepliaklqana
Kikubaaqudgha
Makhleb
Nemelex Xobeh
Okawaru
Qazlal
Ru
Sif Muna
Trog
Uskayaw
Vehumet
Wu Jian
Xom
Yredelemnul
Zin
The Shining One

Shops:
D:4 (   D:7 *


Innate Abilities, Weirdness & Mutations

You do not eat or drink.
Your flesh is vulnerable to fire.
You are immune to poison.
Your flesh is cold resistant. (rC+)
You are immune to negative energy. (rN+++)
You are immune to unholy pain and torment.
You can survive without breathing.


Message History

The blast of rock fragments hits the hippogriff.
The hippogriff is severely wounded.
The hippogriff bites you but does no damage.
The hippogriff pecks you.
* * * LOW HITPOINT WARNING * * *
The hippogriff barely misses you.
Casting: Lee's Rapid Deconstruction (slightly dangerous; 9% risk of failure)
Confirm with . or Enter, or press ? or * to list all spells.
Aiming: Lee's Rapid Deconstruction (slightly dangerous; 9% risk of failure)
Press: ? - help, Dir - move target cursor A rock wall.
The wall shatters!
The blast of rock fragments hits the hippogriff.
You kill the hippogriff!
Vehumet accepts your kill.
You feel your power returning.
Your Earth Magic skill increases to level 9!
You start resting.
Magic restored.
You start resting.
Magic restored.
You start resting.
An orc wizard comes into view. It is wielding a dagger of draining.
What are your orders? t - Shout!
Orders for allies: a - Attack new target. r - Retreat! s - Stop attacking. g - Guard the area. f - Follow me.
Anything else - Cancel.
Okay, then.
You start resting.
An orc wizard comes into view. It is wielding a dagger.
The orc wizard shouts!
You hear a shout! x2
The orc wizard casts a spell at you. The puff of flame hits you!
The fire burns you terribly!
* * * LOW HITPOINT WARNING * * *
The orc wizard casts a spell at you.
The puff of frost is repelled.
An orc priest comes into view.
Casting: Lee's Rapid Deconstruction (safe; 8% risk of failure)
Confirm with . or Enter, or press ? or * to list all spells.
Aiming: Lee's Rapid Deconstruction (safe; 8% risk of failure)
Press: ? - help, Dir - move target cursor A rock wall.
The wall shatters!
The blast of rock fragments hits the orc wizard.
The orc wizard is severely wounded.
You hear a shout!
The orc wizard casts a spell at you. The magic dart hits you!
* * * LOW HITPOINT WARNING * * *
Unknown command.
Casting: Lee's Rapid Deconstruction (safe; 8% risk of failure)
Confirm with . or Enter, or press ? or * to list all spells.
Aiming: Lee's Rapid Deconstruction (safe; 8% risk of failure)
Press: ? - help, Dir - move target cursor A rock wall.
The wall shatters!
The blast of rock fragments hits the orc wizard.
You kill the orc wizard!
Vehumet accepts your kill.
The orc priest calls down the wrath of Beogh upon you.
Beogh smites you!
You die...

Y...........#
............#
........_...#
......$....#
...........#
.........###
....o....#
.......)#####
.....o.....@#
......#######
.#..## ###


You could see an orc priest and an orc wizard.

Vanquished Creatures
  Pikel (D:6)
  A hippogriff (D:8)
  Sigmund (D:3)
  A hungry ghost (D:7)
  A sky beast (D:5)
  2 slaves
  An ogre (D:4)
  3 centaurs
  A gnoll sergeant (D:6)
  2 bullfrogs
  A scorpion (D:5)
  3 howler monkeys (D:6)
  4 crimson imps
  2 hounds
  Crazy Yiuf (D:5)
  3 orc priests
  A jelly (D:5)
  4 orc wizards
  A bullfrog skeleton (D:8)
  An iguana (D:5)
  Terence (D:3)
  3 worker ants
  2 hound skeletons
  A howler monkey zombie (D:5)
  A worker ant zombie (D:7)
  Robin (D:2)
  11 gnolls
  5 adders
  A river rat (D:4)
  2 oozes
  2 worms
  4 dart slugs
  5 leopard geckos
  18 orcs
  7 bats
  4 giant cockroaches
  18 goblins
  4 hobgoblins
  18 jackals
  6 kobolds
  A quokka (D:8)
  5 ball pythons
  4 frilled lizards
  A quokka skeleton (D:5)
  9 rats
169 creatures vanquished.

Vanquished Creatures (others)
  A frilled lizard (D:4)
1 creature vanquished.

Grand Total: 170 creatures vanquished

Notes
Turn   | Place    | Note
-------+----------+-------------------------------------------
     0 | D:1      | Amnesiac the Mummy Earth Elementalist began the quest for the Orb.
     0 | D:1      | Reached XP level 1. HP: 13/13 MP: 4/4
    65 | D:1      | Reached XP level 2. HP: 9/19 MP: 0/5
   134 | D:1      | Learned a level 2 spell: Passwall
   476 | D:2      | Reached XP level 3. HP: 6/24 MP: 2/7
   646 | D:1      | Learned a level 3 spell: Stone Arrow
   943 | D:3      | Noticed Robin
   978 | D:2      | Reached XP level 4. HP: 21/30 MP: 9/9
  1191 | D:2      | Killed Robin
  1513 | D:3      | Noticed Terence
  1519 | D:3      | Killed Terence
  1590 | D:3      | Reached XP level 5. HP: 23/35 MP: 11/11
  1678 | D:4      | Noticed Pikel
  1678 | D:4      | Noticed a slave
  1678 | D:4      | Noticed a slave
  1678 | D:4      | Noticed a slave
  1680 | D:4      | Noticed a slave
  1692 | D:3      | Killed a slave
  1757 | D:3      | Noticed Sigmund
  1802 | D:5      | Entered Level 5 of the Dungeon
  2143 | D:6      | Killed a slave
  2177 | D:6      | Killed Pikel
  2177 | D:6      | Reached XP level 6. HP: 25/41 MP: 12/15
  2177 | D:6      | Reached XP level 7. HP: 28/46 MP: 12/16
  2184 | D:6      | Learned a level 5 spell: Lee's Rapid Deconstruction
  2189 | D:6      | Learned a level 4 spell: Petrify
  2191 | D:6      | Learned a level 1 spell: Apportation
  2207 | D:6      | Learned a level 1 spell: Summon Small Mammal
  2209 | D:6      | Learned a level 1 spell: Confusing Touch
  2597 | D:4      | Found Zaikoj's Weapon Shoppe.
  2684 | D:4      | Found a staircase to the Ecumenical Temple.
  2789 | Temple   | Entered the Ecumenical Temple
  3119 | Temple   | Became a worshipper of Vehumet
  4781 | D:4      | Noticed Ijyb
  4782 | D:4      | Noticed Ijyb
  4782 | D:4      | Ijyb changed into Ijyb the river rat
  4787 | D:4      | Killed Ijyb the river rat
  4834 | D:4      | Noticed Edmund
  4836 | D:4      | Noticed Edmund
  4836 | D:4      | Edmund changed into Edmund the ogre
  4842 | D:4      | Killed Edmund the ogre
  5406 | D:3      | Reached * piety under Vehumet
  5406 | D:3      | Offered knowledge of Shock by Vehumet.
  5919 | D:3      | Killed Sigmund
  5919 | D:3      | Reached XP level 8. HP: 52/52 MP: 14/18
  6801 | D:5      | Found a runed door.
  6839 | D:5      | Noticed Crazy Yiuf
  6842 | D:5      | Killed Crazy Yiuf
  6970 | D:6      | Reached ** piety under Vehumet
  6982 | D:6      | Offered knowledge of Magic Dart by Vehumet.
  7001 | D:6      | Found an iron altar of Okawaru.
  7137 | D:6      | Reached XP level 9. HP: 54/57 MP: 15/21
  7981 | D:7      | Found Eminwong's Assorted Antiques.
  7996 | D:7      | Reached skill level 1 in Shields
  8238 | D:8      | Found a stormy altar of Qazlal.
  8327 | D:8      | Killed from afar by an orc priest

Vault maps used:
D:1:      dpeg_arrival_oval, serial_forest, infiniplex_forest_lined_ring,
          infiniplex_forest_diagonal, infiniplex_forest_clump_small,
          infiniplex_forest_clump_medium, infiniplex_forest_clump_double,
          infiniplex_forest_lined_4_way, infiniplex_forest_clump_long,
          infiniplex_forest_straight_3
D:2:      minmay_tetromino_l4
D:3:      kennysheep_another_room, amethyst_killhole, dk_noncrumbling_3,
          grunt_ministairs_8, uniq_sigmund, uniq_terence, uniq_robin
D:4:      minmay_temple_entry_grid, serial_shops, nicolae_shop_window_shopping,
          first_ration, uniq_edmund, uniq_pikel, uniq_ijyb
D:5:      uniq_crazy_yiuf_cottage
D:6:      okawaru_trees_1
D:7:      serial_shops, shop
D:8:      basic_altar, evilmike_ruin_ashenzari, uniq_joseph
Temple:   roderic_octagonal_lattice_temple

Skill      XL: |  1  2  3  4  5  6  7  8  9 |
---------------+----------------------------+-----
Spellcasting   | 3 4 6 7 8 9 |  9.1
Earth Magic    | 3 4 6 7 8 9 |  9.1
Shields        | 1 |  1.7
Dodging        | |  1.5
Stealth        | |  1.5
Transmutations | |  0.7

Action                   |  1- 3 |  4- 6 |  7- 9 || total
-------------------------+-------+-------+-------++-------
Melee: Unarmed           |    35 |       |       ||    35
       Dagger            |       |    71 |    83 ||   154
       Whip              |       |       |   116 ||   116
 Fire: Arbalest          |    13 |    23 |       ||    36
 Cast: Sandblast         |    26 |    12 |   120 ||   158
       Passwall          |     1 |     1 |       ||     2
       Lee's Rapid Decon |       |       |    17 ||    17
Evoke: Wand              |       |       |     3 ||     3
  Use: Scroll            |     1 |     5 |     6 ||    12
Armor: Robe              |    20 |    23 |       ||    43
       Ring mail         |       |    11 |    79 ||    90
       Leather armour    |       |       |    19 ||    19
Dodge: Dodged            |    46 |    88 |   129 ||   263
       Deflected         |       |       |     9 ||     9

Table legend:
 A = Spawn XP
 B = Non-spawn XP
 C = Spawn XP percentage of total XP
 D = Spawn monster count
 E = Non-spawn monster count
 F = Spawn count percentage of total count
 G = Total turns spent on level
                    A         B        C        D         E        F      G
               +---------+---------+-------+---------+---------+-------+---------
         Total |       0 |    3842 |   0.0 |       0 |     167 |   0.0 |  8327
               +---------+---------+-------+---------+---------+-------+---------
           D:1 |       0 |      46 |   0.0 |       0 |      21 |   0.0 |  1421
           D:2 |       0 |     151 |   0.0 |       0 |      35 |   0.0 |  1380
           D:3 |       0 |     322 |   0.0 |       0 |      31 |   0.0 |  1796
           D:4 |       0 |     138 |   0.0 |       0 |       8 |   0.0 |   802
           D:5 |       0 |     785 |   0.0 |       0 |      25 |   0.0 |   737
           D:6 |       0 |    1493 |   0.0 |       0 |      32 |   0.0 |  1195
           D:7 |       0 |     556 |   0.0 |       0 |      11 |   0.0 |   558
           D:8 |       0 |     351 |   0.0 |       0 |       4 |   0.0 |    89
               +---------+---------+-------+---------+---------+-------+---------
